[Event "Late-Titled-Tuesday-Blitz-April-30-2024"]
[Site "Chess.com"]
[Date "2024.04.30"]
[Round "3"]
[White "shrek4life02"]
[Black "frederiksvane"]
[Result "1-0"]
[WhiteElo "2725"]
[BlackElo "3002"]
[TimeControl "180+1"]
[EndTime "14:30:49 PDT"]
[Termination "shrek4life02 won by checkmate"]

1. e4 e6 2. d4 d5 3. Nc3 Bb4 4. e5 b6 5. Qg4 Bf8 6. h4 h5 7.
Qg3 Ba6 8. Bxa6 Nxa6 9. Nf3 Ne7 10. O-O Nf5 11. Qh3 Be7 12. Bg5 Bxg5 13. hxg5 g6 14.
Rad1 Qd7 15. Nh4 Ne7 16. a4 O-O-O 17. Nb5 Kb7 18. c3 Nb8 19. Qd3 a6 20. Na3 Qxa4 21. Ra1 Qd7 22. Nc2 Qb5 23. Qd2 Nf5 24. Nxf5 exf5 25.
f4 h4 26. Kh2 Nd7 27. b4 Qc6 28. Qd3 Qb5 29. Qd2 Nf8 30. Na3 Qc6 31. Rfb1 Ne6 32.
Nc2 h3 33. g3 Ra8 34. Ne1 Qc4 35. Qd3 Qxd3 36. Nxd3 Kc6 37. b5+ axb5 38. Nb4+ Kb7 39.
Nxd5 Rxa1 40. Rxa1 Rd8 41. Nf6 c6 42. Kxh3 b4 43.
cxb4 Rxd4 44. Ne8 Rxb4 45. Nd6+ Kb8 46. Nxf7 Rb3 47. Kg2 c5 48. Rd1 Rb2+ 49. Kh3 Nd4 50. Rd3 Kc7 51. Nh8 Rf2 52. Nxg6 Nf3 53. g4 Ne1 54.
Re3 Nc2 55. Rc3 Nd4 56. gxf5 Nxf5 57. Kg4 Nd4 58. Nh4 Rf1 59. g6 Rg1+ 60. Rg3 Rh1 61. g7 c4 62. g8=Q b5 63. Qf7+ Kc6 64. Qe8+ Kc5 65. Qe7+ Kd5 66. Qb7+ Kc5 67. Qxh1 b4 68. Qg1 b3 69. e6 b2 70. e7 c3 71. e8=Q c2 72.
Qe5+ Kc4 73. Qgxd4# 1-0

[Event "Late-Titled-Tuesday-Blitz-April-30-2024"]
[Site "Chess.com"]
[Date "2024.04.30"]
[Round "3"]
[White "TheSilmarils"]
[Black "IamSchrodingersCat"]
[Result "1-0"]
[WhiteElo "2924"]
[BlackElo "2664"]
[TimeControl "180+1"]
[EndTime "14:30:49 PDT"]
[Termination "TheSilmarils won on time"]

1. Nf3 Nf6 2. c4 g6 3. Nc3 Bg7 4. e4 d6 5. d4 O-O 6. h3 Na6 7. Bg5 h6 8. Be3 e5 9. d5 Nc5 10. Nd2 a5 11. Be2 h5 12. g4 hxg4 13. hxg4 Nh7 14.
Nb3 Nxb3 15. Qxb3 Bf6 16. O-O-O Bg5 17. Rd3 Bxe3+ 18. Rxe3 Ng5 19. Qd1 Bd7 20. Rg3 Qf6 21. Qd2 Kg7 22. Rgg1 Rh8 23. Qe3 Rxh1 24. Rxh1 Rh8 25.
Rxh8 Kxh8 26. Kd2 b6 27. Qg3 Kg7 28. f3 Qd8 29. a3 Qh8 30. Qg2 Qh6 31. Kc2 Nh3 32. Bf1 Nf4 33. Qf2 Qh1 34. b4 axb4 35. axb4 g5 36. Kb3 Qh8 37. Qa2 Qh1 38. Qf2 Qh8 39.
Ne2 Qa8 40. Nc3 Qa1 41. Be2 Qc1 42. Qf1 Qd2 43. Qd1 Qe3 44. Kb2 Kg6 45. Qc2 Ng2 46. Qc1 Qf2 47. Qd2 Nf4 48. Kc2 Qg1 49. Bd1 Kg7 50. Kb3 Qf1 51. Qa2 b5 52. c5 Qc4+ 53. Kb2 Qd4 54. cxd6 cxd6 55. Bc2 Qxb4+ 56. Qb3 Qc5 57.
Nd1 b4 58. Ne3 Bb5 59. Nf5+ Kf6 60. Qe3 Qxe3 61. Nxe3 Bd3 62. Nf5 Be2 63. Nxd6 Bxf3 64. Nf5 Bxg4 65. Ne3 Bd7 66. Kb3 g4 67. Bd1 g3 68.
Bf3 Nd3 69. Bg2 Ne1 70. Kxb4 Nxg2 71. Nxg2 Bh3 72. Ne1 g2 73. Nf3 1-0

[Event "Late-Titled-Tuesday-Blitz-April-30-2024"]
[Site "Chess.com"]
[Date "2024.04.30"]
[Round "3"]
[White "MFatigue"]
[Black "Sanyura"]
[Result "1-0"]
[WhiteElo "2487"]
[BlackElo "2651"]
[TimeControl "180+1"]
[EndTime "14:30:49 PDT"]
[Termination "MFatigue won on time"]

1. e4 c6 2. Bc4 d5 3. Bb3 dxe4 4.
Qh5 e6 5. Nc3 Nf6 6. Qh4 Nbd7 7.
Nxe4 Nxe4 8. Qxe4 a5 9. d4 Nf6 10. Qe3 a4 11. Bc4 a3 12. Nf3 axb2 13. Bxb2 Bb4+ 14.
c3 Ba3 15. Bxa3 Rxa3 16. Bb3 O-O 17. O-O b6 18. Ne5 Bb7 19. c4 Ra5 20. Rfd1 Qd6 21.
c5 bxc5 22. Nc4 Qc7 23. Nxa5 Qxa5 24. dxc5 h6 25. h3 Ba6 26. Rd6 Rc8 27. Rad1 Nd5 28. Qd4 Nc3 29. Rd8+ Kh7 30. Qd2 Rxd8 31. Qxd8 Qxc5 32.
Qd6 Ne2+ 33. Kh2 Qxf2 34. Bc2+ f5 35. Bb3 Qf4+ 36. Qxf4 Nxf4 37. Rc1 Bb5 38. a4 Bd3 39. Rxc6 e5 40. a5 Be4 41. Rb6 Nxg2 42. a6 Nh4 43. Rb4 Ba8 44. Rb5 Nf3+ 45. Kg3 Nd4 46. Rb8 f4+ 47.
Kf2 Be4 48. a7 f3 49. Bd1 Kg6 50. a8=Q Bxa8 51. Rxa8 e4 52. Ra4 Nf5 53. Rxe4 Kg5 54.
Rg4+ Kf6 55. Bxf3 g5 56. Ra4 Nd6 57. Ra6 Ke5 58. Kg3 Nf5+ 59. Kf2 Nd6 60. Ra5+ Kf4 61.
Rd5 Nf5 62. Rd8 Nh4 63. Bg4 Ng6 64. Rd6 Ne5 65. Rxh6 1-0

[Event "Late-Titled-Tuesday-Blitz-April-30-2024"]
[Site "Chess.com"]
[Date "2024.04.30"]
[Round "3"]
[White "ViktoriyaTarasova"]
[Black "Romkachess"]
[Result "0-1"]
[WhiteElo "2318"]
[BlackElo "2637"]
[TimeControl "180+1"]
[EndTime "14:30:49 PDT"]
[Termination "Romkachess won by checkmate"]

1. d4 Nf6 2. c4 e6 3. Nc3 Bb4 4.
e3 O-O 5. Bd3 d5 6. cxd5 exd5 7.
Ne2 c5 8. O-O cxd4 9. exd4 Nc6 10. h3 h6 11. Be3 Re8 12. a3 Bd6 13. Qc2 a6 14. Rfe1 Bc7 15. Qd2 Be6 16. Bf4 Na5 17. Qc2 Rc8 18. Rac1 Nh5 19. Bxc7 Rxc7 20. Qa4 Nc4 21. Bxc4 Rxc4 22. Qb3 b5 23. Qd1 Qd6 24. Qd3 Rec8 25. Ra1 g6 26. b3 R4c7 27. Qd2 Ng7 28.
Rec1 h5 29. a4 b4 30. Na2 a5 31. Rxc7 Rxc7 32. Rc1 Nf5 33. Rxc7 Qxc7 34. Qc1 Qb6 35. Qc5 Qxc5 36. dxc5 d4 37. Nac1 h4 38. Nf4 Bd7 39.
Kf1 Bc6 40. Nfd3 f6 41. Nf4 Kf7 42. Ke2 g5 43. Nfd3 Bxg2 44. f3 Bxh3 45. c6 Ng3+ 46. Kf2 Bf5 47. Nc5 Ke7 48. Nb7 Bc8 49. Nxa5 Kd6 50.
Nd3 Nf5 51. Nxb4 Ne3 52. Nd3 h3 53. Kg3 Nd5 54. b4 f5 55. b5 g4 56. fxg4 fxg4 57. Nc4+ Kc7 58. a5 Ne3 59. Nce5 Nf5+ 60. Kf2 g3+ 61. Kf3 h2 62. b6+ Kd6 63. Kg2 Ne3+ 64. Kh1 Bf5 65. Nc4+ Ke7 66. Nxe3 dxe3 67. Kg2 Be4+ 68.
Kxg3 h1=Q 69. Kf4 Qf3+ 70. Ke5 Bxd3 71. Kd4 Qe4+ 72. Kc5 e2 73. c7 Qc4# 0-1

[Event "Late-Titled-Tuesday-Blitz-April-30-2024"]
[Site "Chess.com"]
[Date "2024.04.30"]
[Round "3"]
[White "BogdanDeac"]
[Black "GianmarcoVaR"]
[Result "1-0"]
[WhiteElo "3068"]
[BlackElo "2728"]
[TimeControl "180+1"]
[EndTime "14:30:53 PDT"]
[Termination "BogdanDeac won by checkmate"]

1. d4 Nf6 2. Nf3 g6 3. e3 Bg7 4. Be2 O-O 5. O-O d6 6. Nc3 Nfd7 7. e4 Nc6 8. d5 Nce5 9. Nd4 c5 10. Nb3 Nf6 11.
a4 a6 12. h3 Rb8 13. a5 Qc7 14. Be3 e6 15. Qc1 exd5 16. exd5 Re8 17. Rd1 Ned7 18. Bf1 Ne4 19. Nxe4 Rxe4 20. Nd2 Re8 21. Nc4 Ne5 22.
Nb6 Nd7 23. Nxc8 Rbxc8 24. c3 Rb8 25. Qd2 Ne5 26. Bf4 Re7 27. Bg5 Ree8 28. Qc2 Nd7 29.
Qa4 Nf6 30. Re1 Qd7 31. Qxd7 Nxd7 32. Bf4 Be5 33. Bd2 Re7 34. Bc4 Rbe8 35. Kf1 Kg7 36. Bd3 Bf6 37. Rxe7 Rxe7 38. g3 h5 39. h4 Re8 40. Be2 Rb8 41. Ra3 Bd8 42. Bf4 Bc7 43.
Bf3 b5 44. axb6 Rxb6 45. Ra2 Kf6 46. Be2 a5 47. Bg5+ Ke5 48. Bc4 Kf5 49. Bf4 Ne5 50.
Be2 a4 51. Bc1 a3 52. Rxa3 c4 53. Ra7 Bd8 54. Ra4 Nd3 55. Bxd3+ cxd3 56. Rd4 Ke5 57. Rxd3 Ke4 58. Rd4+ Kf5 59. Rd3 Ke4 60. Ke2 f5 61. c4 Bf6 62. f3+ Ke5 63. Bf4# 1-0

[Event "Late-Titled-Tuesday-Blitz-April-30-2024"]
[Site "Chess.com"]
[Date "2024.04.30"]
[Round "3"]
[White "BabageldiAnnaberdiyev"]
[Black "PenguinPacks"]
[Result "0-1"]
[WhiteElo "2611"]
[BlackElo "2448"]
[TimeControl "180+1"]
[EndTime "14:30:54 PDT"]
[Termination "PenguinPacks won by resignation"]

1. e4 c5 2. Nf3 d6 3. d4 cxd4 4. Nxd4 Nf6 5. Nc3 a6 6. Bg5 Nbd7 7. Be2 h6 8. Be3 Qc7 9. a4 Nc5 10. f3 e6 11. O-O Be7 12. a5 Bd7 13. Kh1 O-O 14.
Nb3 Nxb3 15. cxb3 d5 16. exd5 exd5 17. Bd4 Bc6 18. Bd3 Nd7 19. Bc2 Bf6 20. Qd3 g6 21.
Rfd1 Rad8 22. Qd2 Kh7 23. b4 Bxd4 24. Qxd4 Ne5 25. Bb3 Nc4 26. Bxc4 dxc4 27. Qxc4 Qe5 28.
Qc5 Qf6 29. Qf2 Rde8 30. Re1 Rd8 31. Rad1 Rfe8 32. h3 Qf4 33. Rxd8 Rxd8 34. Qe3 Qg3 35. Rf1 Rd7 36. Ne4 Qe5 37. Qc5 Qxb2 38. Rf2 Qa1+ 39. Kh2 Qg7 40. Ng3 f5 41. h4 Qf6 42. Qc4 Bb5 43.
Qf4 Rd4 44. Qc7+ Rd7 45. Qf4 Kg7 46. h5 Rd4 47. Qc7+ Rd7 48. Qf4 Rd4 49. Qc7+ Bd7 50. Re2 Qh4+ 51. Kg1 Rd1+ 52. Kf2 Qd4+ 53. Re3 Rd3 54.
Ne2 Qxe3+ 55. Kg3 f4+ 56. Qxf4 Qxf4+ 57. Nxf4 Rd4 58. Nxg6 Rxb4 59. Ne5 Be6 60. f4 Rb5 61. Kh4 Rxa5 62. g4 Rxe5 63. fxe5 a5 64. g5 hxg5+ 65.
Kxg5 Kh7 66. Kf6 Bc4 67. Ke7 Bb5 68. Kd6 a4 69. e6 Bc6 70. Kc5 a3 0-1

[Event "Late-Titled-Tuesday-Blitz-April-30-2024"]
[Site "Chess.com"]
[Date "2024.04.30"]
[Round "3"]
[White "Dhaydon19"]
[Black "platy3"]
[Result "0-1"]
[WhiteElo "2608"]
[BlackElo "2877"]
[TimeControl "180+1"]
[EndTime "14:30:55 PDT"]
[Termination "platy3 won on time"]

1. d4 g6 2. Nf3 Bg7 3. g3 Nf6 4. Bg2 O-O 5. O-O d6 6. c4 Nc6 7. d5 Na5 8. Nbd2 c5 9. Rb1 b5 10. Qc2 bxc4 11. e4 Ba6 12. Re1 Nd7 13.
Bf1 Rb8 14. Nxc4 Nxc4 15. Bxc4 Bxc4 16. Qxc4 Qa5 17. Bd2 Qb5 18. Qxb5 Rxb5 19. b3 a5 20. Rbc1 Ra8 21. Rb1 Bf6 22. Rec1 Kf8 23. Kf1 Ke8 24. Ke2 a4 25. b4 Rab8 26. a3 cxb4 27. Rxb4 Nc5 28.
Rcc4 Bb2 29. Rxb5 Rxb5 30. Bb4 Na6 31. Bd2 Nc5 32. Bb4 Nb3 33. Nd2 f5 34. f3 fxe4 35.
fxe4 Bf6 36. Kd3 Kd7 37. Kc2 Na5 38. Bxa5 Rxa5 39. Rb4 Kc7 40. Nc4 Ra6 41. Kd3 g5 42. Ne3 h5 43. h3 Ra8 44. g4 hxg4 45. hxg4 Rh8 46. Rxa4 Rh3 47. Ke2 Be5 48. Ra7+ Kb6 49. Rxe7 Bf4 50. Ng2 Be5 51. Ne3 Bf4 52. Nf5 Rxa3 53.
e5 Bxe5 54. Re6 Kc5 55. Rg6 Bf4 56. Ng7 Kxd5 57. Nh5 Ke5 58. Rg8 d5 59. Re8+ Kd4 60. Nf6 Be5 61. Nd7 Re3+ 62. Kf1 Re4 63. Nxe5 Rxe5 64.
Rf8 Re4 65. Kf2 Rxg4 66. Kf3 Rf4+ 67. Rxf4+ gxf4 68. Kxf4 Kc3 69. Ke3 d4+ 70. Ke2 d3+ 71.
Kf3 d2 72. Ke4 d1=Q 0-1

[Event "Late-Titled-Tuesday-Blitz-April-30-2024"]
[Site "Chess.com"]
[Date "2024.04.30"]
[Round "3"]
[White "ImportedItalianMaple"]
[Black "wadsy27"]
[Result "1-0"]
[WhiteElo "2445"]
[BlackElo "2607"]
[TimeControl "180+1"]
[EndTime "14:30:55 PDT"]
[Termination "ImportedItalianMaple won by resignation"]

1. e4 e6 2. d4 d5 3. Nd2 dxe4 4. Nxe4 Bd7 5. Nf3 Bc6 6. Bd3 Nd7 7. O-O Ngf6 8. Nxf6+ Qxf6 9. Be2 h6 10. c4 O-O-O 11.
Be3 Nb6 12. Qc2 Qf5 13. Qxf5 exf5 14. Ne5 Be8 15. Rad1 f6 16. Nf3 g5 17. b3 f4 18.
Bc1 Bh5 19. Bb2 Bg7 20. d5 Rhe8 21. Bd3 Bxf3 22. gxf3 Nd7 23. Bf5 Kb8 24. Rfe1 Ne5 25.
Kg2 Bf8 26. Re4 c6 27. Red4 Bc5 28. R4d2 Bb4 29. Rd4 cxd5 30. Rxd5 Kc7 31. a3 Bf8 32.
Be4 Rxd5 33. Rxd5 Rd8 34. Bxe5+ fxe5 35. Rxe5 Bxa3 36. Re6 Bf8 37. Rf6 b6 38. Rf7+ Kd6 39. Rxa7 Kc5 40. Rb7 Rd6 41. Kh3 Rf6 42. Kg4 Kb4 43. Bc2 Kc3 44. Bd1 Rd6 45. Be2 Kxb3 46. h4 Kb4 47. hxg5 hxg5 48. Kxg5 Rd2 49. Bf1 Rxf2 50.
Bh3 Rxf3 51. Rxb6+ Kc5 52. Rb5+ Kxc4 53. Bd7 Rd3 54.
Be8 f3 55. Rf5 Re3 56. Rxf8 Kd4 57. Kg4 f2 58. Bh5 Re4+ 59. Kg3 Re5 60. Bg4 Ke4 61. Rxf2 Kd5 62. Rd2+ Kc5 63. Kf4 Rd5 64. Rc2+ Kd6 65. Bf5 Rc5 66. Rd2+ Kc6 67. Be4+ Kb6 68. Ke3 Rb5 69.
Kd4 Rb4+ 70. Ke5 Rb5+ 71. Bd5 Rb4 72. Kd6 Rh4 73. Rb2+ Ka7 74. Kc6 Rh6+ 75. Kc5 Ra6 76. Rb7+ Ka8 77. Kb5 Rd6 78. Rd7+ Rc6 79. Bxc6+ 1-0

[Event "Late-Titled-Tuesday-Blitz-April-30-2024"]
[Site "Chess.com"]
[Date "2024.04.30"]
[Round "3"]
[White "Fore_Man"]
[Black "SHIVACalypso"]
[Result "0-1"]
[WhiteElo "2280"]
[BlackElo "2519"]
[TimeControl "180+1"]
[EndTime "14:30:58 PDT"]
[Termination "SHIVACalypso won by resignation"]

1. Nf3 c5 2. d4 d5 3. c4 cxd4 4. Qxd4 dxc4 5. Qxc4 Nc6 6. Nc3 Nf6 7. e4 e5 8. Bg5 Be6 9. Qb5 Qc7 10. Be2 Bb4 11.
O-O Bxc3 12. Bxf6 gxf6 13. bxc3 Bd7 14. Qb2 O-O 15. Rab1 b6 16. Qd2 Kg7 17. Rfd1 Rfd8 18. Qe3 Be6 19. Nh4 Ne7 20. Qg3+ Kf8 21. Qf3 Kg7 22.
Qg3+ Kf8 23. Qf3 Ng8 24. Qh5 h6 25. Bg4 Bxg4 26. Qxg4 Ne7 27. Qh5 Ng8 28. Nf5 Qxc3 29.
Nxh6 Nxh6 30. Qxh6+ Ke7 31. Rdc1 Qd4 32. h3 Rac8 33. Rxc8 Rxc8 34. Qh4 Rc4 35. Re1 Qd2 36. Kf1 Rc2 37. Qg3 Rc3 38. Qg4 Qd3+ 39. Kg1 Rc2 40. h4 Qd2 41. Rf1 Qe2 42. Qxe2 Rxe2 43. f3 Rxa2 44.
Kh2 a5 45. Kg3 b5 46. h5 Kf8 47.
h6 Kg8 48. Rb1 b4 49. Rc1 Kh7 50. Rc6 Kxh6 51. Rxf6+ Kg7 52. Rf5 f6 53. f4 b3 54.
fxe5 b2 55. exf6+ Kf7 56. Rb5 Kxf6 57. Kf4 a4 58. Rb6+ Ke7 59. Ke5 a3 60. Rb7+ Kd8 61. Ke6 Kc8 62. Rb4 Ra1 63. e5 b1=Q 64. Rxb1 Rxb1 65.
g4 Rg1 66. g5 Rxg5 67. Kf7 Rxe5 68. Kf6 Re1 0-1

[Event "Late-Titled-Tuesday-Blitz-April-30-2024"]
[Site "Chess.com"]
[Date "2024.04.30"]
[Round "3"]
[White "SaqoChess_Twitch"]
[Black "mbojan"]
[Result "0-1"]
[WhiteElo "2679"]
[BlackElo "2953"]
[TimeControl "180+1"]
[EndTime "14:31:03 PDT"]
[Termination "mbojan won by checkmate"]

1. d4 a6 2. c4 b5 3. cxb5 axb5 4. e3 Bb7 5. Nf3 b4 6. Be2 Nf6 7. O-O e6 8. a3 bxa3 9. Nxa3 Be7 10. Bd2 O-O 11.
Nc4 Nc6 12. Rxa8 Qxa8 13. Qa1 Qxa1 14. Rxa1 Ra8 15. Rxa8+ Bxa8 16. Kf1 d6 17. Bd3 h6 18.
Ke2 Kf8 19. h3 Ke8 20. Na5 Nxa5 21. Bxa5 Kd7 22. g3 Ne4 23. h4 f5 24. Nd2 Nf6 25. Nc4 g5 26. hxg5 hxg5 27. Bd2 Be4 28. f3 Bxd3+ 29. Kxd3 g4 30. fxg4 Nxg4 31. Be1 Nf6 32. Nd2 d5 33. Nf3 Bd6 34. Ng1 Ne4 35. Ne2 Kc6 36. b3 Kb5 37. Nf4 Ng5 38. Ne2 Kc6 39.
Nf4 Kd7 40. Ke2 Ne4 41. Kf3 Nf6 42. Nd3 Ne4 43. Nf4 Ng5+ 44. Ke2 Ke7 45. Kf2 Kf6 46.
Kg2 Kf7 47. Nh3 Ne4 48. Kf3 Nf6 49. Ng5+ Ke7 50. Nh3 c5 51. dxc5 Bxc5 52. Nf2 e5 53. Bc3 Ke6 54. Ke2 Bb6 55. Nd3 Ng4 56. Bd2 Ba7 57.
b4 Nf6 58. Bc3 Bb8 59. b5 Ne4 60. Be1 Ba7 61. Kf3 Nd6 62. Bc3 e4+ 63. Ke2 exd3+ 64.
Kxd3 Nxb5 65. Bb2 Bb8 66. g4 fxg4 67. e4 Nd6 68. exd5+ Kxd5 69. Ke3 Nf5+ 70. Kf2 Ke4 71. Ba3 Bf4 72. Kg2 Ne3+ 73. Kg1 Kf3 74. Bc5 g3 75.
Bb6 g2 76. Bc7 Bg5 77. Bg3 Ng4 78. Bf4 Bf6 79. Be5 Nxe5 80. Kh2 Ng4+ 81. Kh3 Nf2+ 82. Kh2 Bd4 83. Kg1 Ng4# 0-1

[Event "Late-Titled-Tuesday-Blitz-April-30-2024"]
[Site "Chess.com"]
[Date "2024.04.30"]
[Round "3"]
[White "Hrant_ChessMood"]
[Black "NikitaShnadrygin"]
[Result "1-0"]
[WhiteElo "2944"]
[BlackElo "2675"]
[TimeControl "180+1"]
[EndTime "14:31:08 PDT"]
[Termination "Hrant_ChessMood won by resignation"]

1. Nf3 Nf6 2. c4 g6 3. Nc3 d5 4. cxd5 Nxd5 5. h4 Bg7 6. e4 Nxc3 7. dxc3 Qxd1+ 8. Kxd1 Bg4 9. Kc2 Nd7 10. Be3 c6 11. Nd2 Be6 12. Bc4 Bxc4 13. Nxc4 Kd8 14. h5 b5 15. Na5 Kc7 16. a4 a6 17. f3 Nb6 18. axb5 axb5 19. Bf4+ e5 20. Be3 Bf6 21. g4 Be7 22. b3 g5 23. Ra2 Ra6 24. Rd1 Rha8 25. Bxb6+ Rxb6 26. b4 c5 27. Kb3 c4+ 28. Kc2 Rd6 29. Rxd6 Bxd6 30. Ra1 Be7 31. Rd1 f6 32. Rd5 Rb8 33. Kb1 Rb6 34. Kc2 Bd6 35. Kd2 Kd7 36. Ke2 Ke6 37. Rd1 Bc7 38. Rd2 Rd6 39. Ra2 Ra6 40. Kd1 Bb6 41. Kc2 Bc7 42. Kb1 Bb6 43. Rd2 Bxa5 44. Ra2 Kd6 45. bxa5 Kc5 46.
Rd2 Rxa5 47. Rd5+ Kc6 48. Rd8 b4 49. cxb4 Ra4 50. Rf8 Rxb4+ 51. Kc2 Ra4 52. Rxf6+ Kc5 53. Rf7 Kd4 54. Rd7+ Ke3 55. Rxh7 Kxf3 56. h6 Kxe4 57.
Rg7 Ra2+ 58. Kc3 Kf4 59. Kxc4 Kxg4 60. h7 Rh2 61. Kd5 Kf4 62. Rf7+ Kg3 63. Kxe5 g4 64. Kf5 Rf2+ 65. Kg5 Rh2 66. Ra7 Rh1 67. Ra3+ Kf2 68.
Ra2+ Kf3 69. Ra3+ Kf2 70. Ra2+ Kf3 71. Ra7 g3 72. Rf7+ Kg2 73. Kg4 Kh2 74. h8=Q+ Kg1 75. Qd4+ 1-0

[Event "Late-Titled-Tuesday-Blitz-April-30-2024"]
[Site "Chess.com"]
[Date "2024.04.30"]
[Round "3"]
[White "wild3000"]
[Black "MyDream003"]
[Result "0-1"]
[WhiteElo "2506"]
[BlackElo "2827"]
[TimeControl "180+1"]
[EndTime "14:31:08 PDT"]
[Termination "MyDream003 won on time"]

1. d4 Nf6 2. Nf3 c5 3. e3 b6 4. Be2 Bb7 5. O-O g6 6. c4 Bg7 7. Nc3 O-O 8. b3 cxd4 9. Nxd4 d6 10. Bb2 Nbd7 11. Rc1 a6 12. Bf3 Qb8 13. Bxb7 Qxb7 14. Qf3 Qxf3 15. Nxf3 Rfc8 16. Rfd1 Ra7 17. Kf1 Rac7 18.
Ke2 Nc5 19. Nd4 Nce4 20. Nxe4 Nxe4 21. f3 Nc5 22. Ba3 h5 23. h4 Nb7 24. g4 Kh7 25. Kd3 Bf6 26. Ne2 Nc5+ 27. Bxc5 Rxc5 28. g5 Bg7 29. b4 R5c7 30. Nd4 d5 31. c5 bxc5 32.
bxc5 Rxc5 33. Rxc5 Rxc5 34. Rb1 Ra5 35. Rb2 Ra3+ 36. Ke2 Ra4 37. Rd2 Bxd4 38. exd4 Ra3 39. Rb2 Kg7 40. Kf2 f6 41. gxf6+ exf6 42. Rb7+ Kh6 43.
Rb2 g5 44. Kg3 Kg6 45. hxg5 fxg5 46. Rb6+ Kf5 47. Rd6 g4 48. Rxd5+ Kg6 49. Rd6+ Kf7 50. Kh4 gxf3 51. Kg5 Ke7 52. Rf6 h4 53. d5 h3 54.
d6+ Kd7 55. Rh6 f2 56. Rf6 h2 57.
Rf7+ Kxd6 58. Rf6+ Ke7 59. Rxf2 h1=Q 60. Kf4 Qh4+ 61.
Ke5 Qxf2 62. Kd5 Ra5+ 63. Kc6 Qc5+ 64. Kb7 Rb5+ 65. Ka8 Qb6 0-1

[Event "Late-Titled-Tuesday-Blitz-April-30-2024"]
[Site "Chess.com"]
[Date "2024.04.30"]
[Round "3"]
[White "IngOscarArdila"]
[Black "ELPRIMO0O0"]
[Result "1-0"]
[WhiteElo "2331"]
[BlackElo "2551"]
[TimeControl "180+1"]
[EndTime "14:31:27 PDT"]
[Termination "IngOscarArdila won by checkmate"]

1. d4 Nf6 2. Nf3 c5 3. c3 d5 4. Nbd2 Nc6 5. e3 Bf5 6. Be2 e6 7. O-O Bd6 8. b3 O-O 9. Bb2 Qe7 10. Rc1 e5 11. dxe5 Nxe5 12. Nxe5 Bxe5 13. Nf3 Bc7 14. c4 Rad8 15. cxd5 Nxd5 16. Qe1 Nb4 17. Qc3 f6 18. Qxc5 Bd6 19. Qxf5 Nxa2 20. Bc4+ Kh8 21. Ra1 Nb4 22. Rxa7 Bc5 23. Raa1 Nc6 24. Qe6 Qc7 25.
Qf5 Ne7 26. Qh5 Ng6 27. Rfd1 Qb6 28. Bd4 Bxd4 29. Nxd4 Rd6 30. Nf5 Rxd1+ 31. Rxd1 Ne5 32. Qh4 Rd8 33. Nd4 Qb4 34. h3 Nxc4 35. bxc4 Qxc4 36. Qe4 b5 37. Rb1 b4 38. Qb7 Qa2 39.
Qxb4 h6 40. Qb3 Qa5 41. Qb6 Qa8 42.
Qb7 Qa2 43. Nf5 Rg8 44. Qb3 Qa5 45. Qb5 Qa2 46. h4 Qe6 47. h5 Qe4 48. Ng3 Qg4 49. Qf5 Qc4 50. Qe4 Qf7 51. Rb7 Qa2 52. Qb4 Qa1+ 53.
Qb1 Qe5 54. Rb5 Qc7 55. Nf5 Rd8 56. Rb7 Qe5 57. Rxg7 Qe4 58. Qxe4 Rd1+ 59. Kh2 Rh1+ 60. Kg3 Rh3+ 61. Kf4 Rf3+ 62. Kg4 Rf4+ 63. Kh3 Rxe4 64. Rg6 Kh7 65. Rxh6+ Kg8 66. Rxf6 Kh8 67. f4 Re8 68. Kg4 Ra8 69. Kg5 Ra2 70. g4 Ra8 71. h6 Rg8+ 72. Rg6 Ra8 73. Rg7 Ra5 74. Rc7 Ra8 75. Kh5 Rg8 76. g5 Ra8 77. g6 Ra5 78. Kg4 Ra8 79. Re7 Rf8 80. g7+ Kg8 81. gxf8=Q+ Kxf8 82. Rc7 Kg8 83. Kg5 Kh8 84. Kg6 Kg8 85. Rc8# 1-0

[Event "Late-Titled-Tuesday-Blitz-April-30-2024"]
[Site "Chess.com"]
[Date "2024.04.30"]
[Round "3"]
[White "MeisterJabo"]
[Black "FedaMaster"]
[Result "1-0"]
[WhiteElo "2466"]
[BlackElo "2628"]
[TimeControl "180+1"]
[EndTime "14:31:41 PDT"]
[Termination "MeisterJabo won by checkmate"]

1. c4 e6 2. g3 f5 3. Bg2 Nf6 4. Nc3 d5 5. d4 c6 6. Nf3 Bd6 7. O-O O-O 8. b3 Bd7 9. Bb2 Be8 10. Ne5 Nbd7 11. f4 Bb4 12. e3 Bh5 13. Qc2 Qe7 14. Nd1 Bxd1 15. Raxd1 Nxe5 16. fxe5 Ne4 17. Bxe4 fxe4 18. c5 Qg5 19. Qe2 h5 20. a3 Ba5 21.
Bc1 Bc7 22. Rxf8+ Rxf8 23. Rf1 Rxf1+ 24. Qxf1 Qg4 25. Kg2 h4 26. Bd2 h3+ 27. Kg1 Bd8 28. Kf2 Bg5 29. Ke1 Qh5 30. Qe2 Qxe2+ 31. Kxe2 Kf7 32.
Be1 Kg6 33. Ba5 Kh5 34. Bc7 Kg4 35. a4 g6 36. Kf2 Be7 37. b4 a6 38. Bd6 Bd8 39. Bf8 Kh5 40. Bd6 Kh6 41. Bf8+ Kh7 42. Bd6 Kg7 43. Bb8 Kf7 44. Bd6 Ke8 45. Bb8 Kd7 46. Bd6 Kc8 47. Bf8 b6 48. cxb6 Kb7 49. a5 Bg5 50. Bd6 Bd8 51. Bf8 Bg5 52. Bc5 Bd8 53. Bd6 Bg5 54. Bf8 Bd8 55. Bd6 Bg5 56. Ke2 Bh6 57. g4 Bg5 58. Kf2 Bh4+ 59. Ke2 Bd8 60. Bf8 Bg5 61. Kd2 Bh4 62. Bg7 Bg3 63. Ke2 Bxh2 64. Kf2 Kb8 65. Bf6 Kc8 66. Bh4 Kb7 67. Bg3 Bxg3+ 68. Kxg3 g5 69. Kxh3 Kb8 70. Kg3 Kb7 71. Kf2 Kb8 72. Ke2 Kb7 73. Kd2 Kb8 74. Kc3 Kc8 75. b5 cxb5 76. Kb4 Kb7 77. Kc5 Kb8 78.
Kb4 Kc8 79. Kc3 Kb7 80. Kb3 Kc6 81. Ka3 Kb7 82. Kb2 Kb8 83. Kc2 Kc8 84. Kc3 Kb7 85. Kb4 Kc6 86. Kb3 Kd7 87. Kc3 Kd8 88. Kb4 Kc8 89. Kc5 Kb7 90. Kb4 Kc6 91. Kb3 Kb7 92. Kc3 Kc6 93. Kb4 Kb7 94. Kc5 Kb8 95. Kd6 Ka8 96. Kxe6 b4 97. Kxd5 b3 98. e6 b2 99.
e7 b1=Q 100. e8=Q+ Kb7 101. Qc6+ Kb8 102. Qc7+ Ka8 103. Qa7# 1-0

[Event "Late-Titled-Tuesday-Blitz-April-30-2024"]
[Site "Chess.com"]
[Date "2024.04.30"]
[Round "3"]
[White "Hikaru"]
[Black "VD_coach"]
[Result "0-1"]
[WhiteElo "3200"]
[BlackElo "2543"]
[TimeControl "180+1"]
[EndTime "14:32:02 PDT"]
[Termination "VD_coach won by checkmate"]

1. a4 Nf6 2. h4 d5 3. g3 h5 4. Nh3 g6 5. d3 Bg7 6. Bg2 O-O 7.
Nd2 c5 8. c3 Nc6 9. O-O e5 10.
e4 d4 11. c4 Ng4 12. Nf3 Nb4 13. Ne1 Qe7 14. a5 Bd7 15. Bd2 b6 16. Qe2 Rfb8 17. Bxb4 cxb4 18. b3 Qc5 19. axb6 axb6 20. Nc2 Bh6 21.
Qe1 Rxa1 22. Qxa1 b5 23. Qa5 Bf8 24. Ne1 bxc4 25. Qxc5 Bxc5 26. dxc4 Ra8 27. Nd3 Be7 28. Rb1 f6 29. Bf1 Kf7 30. c5 Rc8 31. Nxb4 Rxc5 32. Bc4+ Be6 33. Bxe6+ Kxe6 34. Nd5 Rc2 35. Ra1 d3 36.
Kg2 Bc5 37. b4 Bxf2 38. Nxf2 Rxf2+ 39. Kg1 Rb2 40. Rd1 Nf2 41. Rf1 Nh3+ 42. Kh1 Nf2+ 43. Kg1 Nh3+ 44. Kh1 d2 45. Ne3 g5 46. Nd1 Rb1 47.
Kg2 g4 48. Nc3 Rxb4 49. Ra1 Rb2 50. Nd1 Rc2 51. Kf1 Rc1 52. Ra6+ Kd7 53. Ke2 Ng1+ 54. Kxd2 Rc4 55. Rxf6 Rd4+ 56. Kc2 Nf3 57. Nc3 Rd2+ 58. Kb3 Rg2 59. Rh6 Rxg3 60. Rxh5 Nd4+ 61. Kc4 Rf3 62. Rxe5 Ne6 63. Rf5 Rxf5 64. exf5 Ng7 65. f6 Nh5 66. Kd5 Nxf6+ 67. Ke5 Nh5 68. Kf5 g3 69. Ne2 g2 70.
Kg5 Ng7 71. Kg6 Ne6 72. Kf5 Nd4+ 73. Nxd4 g1=Q 74. Nf3 Qf1 75. Ke4 Qh3 76. Kf4 Ke7 77. Ke3 Kf6 78. Kf4 Kg6 79. Ke4 Kh5 80. Kf4 Qg4+ 81.
Ke3 Qg3 82. Ke4 Qf2 83. Nd4 Kxh4 84. Kd5 Kg5 85. Ne6+ Kf6 86. Nc5 Qe3 87. Ne4+ Kf5 88. Nd6+ Kf4 89. Nc4 Qe4+ 90. Kc5 Qc2 91. Kd4 Qd1+ 92.
Kc3 Ke4 93. Nd2+ Kd5 94. Kd3 Qa1 95. Ke3 Qd4+ 96. Ke2 Qe5+ 97. Kd3 Qe8 98. Nb3 Qg6+ 99. Kc3 Qg3+ 100. Kc2 Qe3 101. Nd2 Kd4 102. Nb3+ Kc4 103. Nd2+ Kb4 104. Nb1 Qb3+ 105. Kc1 Qa2 106. Nd2 Kc3 107. Ne4+ Kd3 108. Nc5+ Kc4 109. Nd7 Qe2 110. Nb6+ Kb3 111. Nd5 Qc2# 0-1